 Dungeon Crawl Stone Soup version 0.22-a0-322-g60b3cfd (webtiles) character file.

166 Cattac the Sneak (level 5, -12/26 HPs)
             Began as a Spriggan Enchanter on Apr 3, 2018.
             Was an Initiate of Ru.
             Killed from afar by an orc wizard (25 damage)
             ... with an exploding inner flame
             ... hexed by the player character
             ... on level 2 of the Dungeon.
             The game lasted 00:34:11 (2330 turns).

Cattac the Sneak (Spriggan Enchanter)               Turns: 2330, Time: 00:34:12

Health: -12/26     AC:  2    Str:  5    XL:     5   Next: 22%
Magic:  1/10       EV: 18    Int: 17    God:    Ru [......]
Gold:   52         SH:  0    Dex: 16    Spells: 6/9 levels left

rFire    . . .     SeeInvis +   a - +3 dagger {Stabs good}
rCold    . . .     Gourm    .   (shield restricted)
rNeg     . . .     Faith    .   b - +0 robe
rPois    .         Spirit   .   (helmet restricted)
rElec    .         Reflect  .   (no cloak)
rCorr    .         Harm     .   (gloves unavailable)
MR       +....                  (boots unavailable)
Stlth    +++.......             (no amulet)
HPRegen  0.08/turn              k - ring of protection from magic
MPRegen  0.12/turn              (no ring)

@: flying, very slightly contaminated, very quick
A: very small, unfitting armour, see invisible, herbivore, speed 3, slow
metabolism 2
a: Renounce Religion


You were on level 2 of the Dungeon.
You worshipped Ru.
Ru was noncommittal.
You were not hungry.

You visited 1 branch of the dungeon, and saw 3 of its levels.

You collected 52 gold pieces.

Inventory:

Hand Weapons
 a - a +3 dagger (weapon) {Stabs good}
Armour
 b - a +0 robe (worn)
Jewellery
 k - a ring of protection from magic (left hand)
Scrolls
 j - 2 scrolls of remove curse
Potions
 g - a potion of mutation {unknown}
 h - a potion of agility {unknown}
 i - a potion of cancellation {unknown}
Comestibles
 d - 3 rations


   Skills:
 + Level 1.7 Fighting
 * Level 3.8 Short Blades
 - Level 3.0 Dodging
 + Level 6.3 Stealth
 - Level 2.6 Spellcasting
 - Level 3.6 Hexes


You had 6 spell levels left.
You knew the following spells:

 Your Spells              Type           Power        Failure   Level  Hunger
a - Corona                Hex            ##.....      4%          1    #......
b - Ensorcelled Hibernat  Hex/Ice        #.....       13%         2    ##.....


Dungeon Overview and Level Annotations

Branches:
Dungeon (3/15)

Altars:
Qazlal
Ru
Wu Jian


Innate Abilities, Weirdness & Mutations

You are very small and have problems with some larger weapons.
You are too small for most types of armour.
You have supernaturally acute eyesight. (SInv)
You are a herbivore.
You cover ground extremely quickly.
You need to consume almost no food.


Message History

It was a potion of curing.
You feel better. The orc wizard misses you.
You closely miss the orc wizard.
The orc wizard is moderately wounded.
The orc wizard closely misses you.
You hit the orc wizard but do no damage.
The orc wizard is moderately wounded.
The orc wizard closely misses you.
You hit the orc wizard.
The orc wizard is heavily wounded.
The orc wizard closely misses you.
You completely miss the orc wizard.
The orc wizard is heavily wounded.
The orc wizard completely misses you.
You hit the orc wizard.
The orc wizard is severely wounded.
You hit the orc wizard.
The orc wizard explodes!
The fiery explosion engulfs you!
Ouch! That really hurt!
You die...

....#.......#.#.##.##§##..###.###
#####.......#.#.##.##.##....)....
#...<...#.#.........>.......†
#.........####......(........
#.......### #.###...........
#.......# ###.# ######...###
#.......# #§§.# #...# #########
#§### #...# #@# #...### ########
#.# ###...... #......# #.#
#....(.## #.####.##########
#.####.#
##.####.#....##_#########.####.##
......#.#.#.##.#.##.._.##.##...>.
##.##.......#.#...###..##.##.#.##
#.####.#.###...#.#.......##.#.##
#......#.####.#..####.#.........


There were no monsters in sight!

Vanquished Creatures
  An orc priest (D:2)
  An orc wizard (D:3)
  7 adders
  An ooze (D:1)
  A worm (D:2)
  5 orcs (D:3)
  4 giant cockroaches
  2 goblins (D:2)
  2 hobgoblins
  5 jackals
  3 bats
  A frilled lizard (D:2)
  A kobold (D:1)
  6 rats
40 creatures vanquished.

Notes
Turn   | Place    | Note
-------+----------+-------------------------------------------
     0 | D:1      | Cattac the Spriggan Enchanter began the quest for the Orb.
     0 | D:1      | Reached XP level 1. HP: 9/9 MP: 5/5
   465 | D:1      | Reached XP level 2. HP: 12/13 MP: 6/6
   577 | D:1      | Reached skill level 5 in Stealth
   784 | D:2      | Learned a level 2 spell: Ensorcelled Hibernation
   833 | D:2      | Found a stormy altar of Qazlal.
  1022 | D:2      | Reached XP level 3. HP: 16/17 MP: 0/8
  1183 | D:2      | Reached skill level 1 in Fighting
  1488 | D:2      | Found a sacrificial altar of Ru.
  1494 | D:2      | Became a worshipper of Ru the Awakened
  1515 | D:2      | Found an ornate altar of the Wu Jian Council.
  1549 | D:2      | Reached XP level 4. HP: 22/22 MP: 4/9
  1783 | D:3      | Reached skill level 6 in Stealth
  2266 | D:2      | Reached XP level 5. HP: 25/26 MP: 7/10
  2330 | D:2      | Killed from afar by an orc wizard

Vault maps used:
D:1:      sevenhm_arrival_forest_fort_small_4
D:2:      marbit_many_paths, lemuel_doored_altar, overflow_temple_1_default

Skill      XL: |  1  2  3  4 |
---------------+-------------+-----
Stealth        | 5 6 |  6.3
Short Blades   | 2 3 |  3.8
Fighting       | 1 |  1.7
Dodging        | |  3.0
Spellcasting   | |  2.6
Hexes          | |  3.6

Action                   |  1- 3 |  4- 6 || total
-------------------------+-------+-------++-------
Melee: Dagger            |    88 |    43 ||   131
 Cast: Corona            |     4 |       ||     4
       Ensorcelled Hiber |    11 |    14 ||    25
  Use: Scroll            |     1 |     7 ||     8
       Potion            |       |     2 ||     2
 Stab: Sleeping          |    20 |     9 ||    29
  Eat: Ration            |       |     1 ||     1
Armor: Robe              |     7 |     3 ||    10
Dodge: Dodged            |    68 |    27 ||    95

Table legend:
 A = Spawn XP
 B = Non-spawn XP
 C = Spawn XP percentage of total XP
 D = Spawn monster count
 E = Non-spawn monster count
 F = Spawn count percentage of total count
 G = Total turns spent on level
                    A         B        C        D         E        F      G
               +---------+---------+-------+---------+---------+-------+---------
         Total |       0 |     238 |   0.0 |       0 |      40 |   0.0 |  2330
               +---------+---------+-------+---------+---------+-------+---------
           D:1 |       0 |      26 |   0.0 |       0 |      13 |   0.0 |   736
           D:2 |       0 |     121 |   0.0 |       0 |      17 |   0.0 |  1104
           D:3 |       0 |      91 |   0.0 |       0 |      10 |   0.0 |   490
               +---------+---------+-------+---------+---------+-------+---------
